Map: Dusk Towers

Players

Rex

  • Race: Protoss Protoss
  • League: Master

万能虚空王 (XiGua) - Winner!

  • Race: Zerg Zerg
  • League: Grandmaster

Event: NationWars III

VOD

Have the link to the VOD?

Description

Time

  • Played on: Dec. 3, 2015, 2:34 p.m.
  • Length: 9:44

All games in this series

Show
View Real Time Build Order
Export as new Build Order

Rex Protoss 

Build Orders: Nexus First, Oracle Opening, Phoenix Opening 

Get SALT Encoding   

  12  0:01  Probe (Chrono Boost)  
  13  0:11  Probe (Chrono Boost)  
  14  0:20  Pylon  
  14  0:22  Probe (Chrono Boost)  
  15  0:38  Probe (Chrono Boost)  
  16  0:55  Nexus  
  16  0:58  Probe (Chrono Boost)  
  17  1:08  Gateway  
  17  1:11  Probe (Chrono Boost)  
  18  1:16  Assimilator  
  18  1:21  Probe (Chrono Boost)  
  18  1:24  Assimilator  
  19  1:32  Probe (Chrono Boost)  
  20  1:42  Probe (Chrono Boost)  
  21  1:53  Probe (Chrono Boost)  
  22  1:55  Cybernetics Core  
  22  2:03  Probe (Chrono Boost)  
  24  2:08  Probe (Chrono Boost)  
  24  2:14  Probe (Chrono Boost)  
  25  2:19  Probe (Chrono Boost)  
  26  2:24  Probe (Chrono Boost)  
  26  2:29  Probe (Chrono Boost)  
  28  2:34  Stargate  
  28  2:37  Adept (Chrono Boost), Warp Gate  
  28  2:38  Probe (Chrono Boost)  
  28  2:39  Probe (Chrono Boost)  
  32  2:48  Probe  
  32  2:49  Probe  
  34  3:00  Probe x2  
  34  3:01  Pylon  
  36  3:08  Nexus  
  36  3:13  Probe  
  36  3:15  Pylon  
  36  3:18  Probe (Chrono Boost), Oracle (Chrono Boost)  
  38  3:27  Mothership Core (Chrono Boost)  
  43  3:31  Probe (Chrono Boost)  
  43  3:32  Adept  
  46  3:38  Assimilator  
  46  3:40  Assimilator  
  46  3:43  Probe (Chrono Boost)  
  46  3:46  Probe (Chrono Boost)  
  48  3:50  Phoenix  
  51  3:55  Probe (Chrono Boost)  
  51  3:56  Probe (Chrono Boost)  
  51  4:00  Pylon  
  52  4:03  Sentry  
  54  4:15  Phoenix  
  54  4:18  Probe (Chrono Boost)  
  54  4:20  Probe (Chrono Boost)  
  58  4:26  Probe (Chrono Boost)  
  58  4:29  Probe (Chrono Boost)  
  61  4:32  Probe (Chrono Boost)  
  61  4:35  Forge  
  61  4:36  Gateway  
  61  4:37  Probe (Chrono Boost)  
  62  4:40  Probe (Chrono Boost)  
  62  4:44  Probe (Chrono Boost)  
  62  4:47  Probe (Chrono Boost)  
  62  4:50  Probe (Chrono Boost)  
  62  4:53  Stargate  
  62  4:55  Assimilator  
  62  4:56  Probe (Chrono Boost), Pylon, Assimilator  
  62  4:58  Probe (Chrono Boost), Stargate  
  64  5:01  Probe (Chrono Boost)  
  66  5:08  Probe x2 (Chrono Boost)  
  66  5:11  Probe (Chrono Boost), Photon Cannon  
  68  5:14  Phoenix  
  68  5:19  Probe (Chrono Boost)  
  68  5:20  Protoss Ground Weapons Level 1  
  68  5:21  Probe (Chrono Boost)  
  72  5:22  Probe (Chrono Boost)  
  72  5:26  Robotics Facility  
  73  5:29  Probe (Chrono Boost)  
  73  5:32  Probe (Chrono Boost)  
  73  5:33  Probe (Chrono Boost)  
  76  5:40  Probe (Chrono Boost)  
  75  5:43  Probe (Chrono Boost)  
  75  5:45  Probe (Chrono Boost)  
  75  5:48  Phoenix  
  77  5:51  Phoenix  
  77  5:52  Phoenix  
  77  5:56  Sentry  
  85  6:00  Pylon  
  85  6:07  Probe (Chrono Boost)  
  85  6:11  Pylon x3  
  85  6:14  Gateway  
  85  6:15  Gateway, Phoenix  
  85  6:17  Gateway  
  85  6:18  Gateway  
  87  6:20  Phoenix  
  87  6:21  Gateway  
  87  6:23  Gateway, Phoenix  
  91  6:28  Gateway  
  91  6:29  Gateway  
  91  6:34  Warp Prism (Chrono Boost)  
  91  6:38  Sentry  
  91  6:39  Probe  
  95  6:40  Phoenix (Chrono Boost)  
  95  6:41  Probe  
  99  6:53  Phoenix (Chrono Boost)  
  103  6:55  Pylon, Phoenix (Chrono Boost)  
  103  6:56  Probe  
  103  6:57  Pylon  
  104  7:03  Adept x2  
  108  7:15  Adept x4  
  114  7:23  Observer  
  114  7:28  Adept x4  
  123  7:31  Adept x2  
  127  7:37  Adept  
  127  7:39  Adept x3  
  132  7:46  Pylon  
  132  7:47  Pylon x2  
  132  7:49  Pylon  
  132  8:08  Adept x9  
  122  8:30  Adept x7  
  122  8:31  Adept x3  
  114  8:38  Phoenix x2 (Chrono Boost)  
  103  8:52  Adept  
  103  8:53  Adept x9  
  121  9:04  Probe  
  122  9:13  Adept x4  
  122  9:14  Adept x5  
Show
View Real Time Build Order
Export as new Build Order

万能虚空王 Zerg - Winner!

Build Orders: 3 Hatch before Pool, Lurkers 

Get SALT Encoding   

  12  0:01  Drone  
  13  0:08  Drone  
  14  0:17  Overlord  
  14  0:21  Extractor  
  14  0:23  Drone  
  17  0:35  Drone x2  
  17  0:46  Drone  
  18  0:58  Hatchery  
  18  1:00  Drone  
  18  1:07  Drone  
  19  1:25  Hatchery  
  18  1:26  Drone  
  19  1:42  Drone, Spawning Pool  
  19  1:46  Extractor  
  19  1:47  Drone  
  19  1:50  Drone  
  20  2:03  Overlord  
  20  2:09  Drone  
  20  2:11  Drone  
  22  2:23  Drone  
  22  2:24  Drone  
  24  2:32  Queen x2  
  24  2:33  Zergling x2  
  24  2:34  Zergling x2  
  30  2:38  Drone  
  30  2:42  Drone  
  30  2:43  Drone  
  33  2:51  Metabolic Boost  
  33  2:53  Drone  
  33  2:54  Drone  
  33  2:57  Drone  
  36  3:00  Overlord  
  36  3:07  Extractor  
  36  3:08  Queen  
  36  3:10  Drone  
  38  3:13  Overlord  
  38  3:16  Drone  
  38  3:17  Drone  
  38  3:19  Drone  
  41  3:22  Drone  
  41  3:25  Drone  
  41  3:26  Overlord  
  44  3:32  Queen  
  46  3:34  Drone  
  46  3:38  Overlord  
  46  3:39  Drone  
  47  3:43  Drone x2  
  47  3:45  Drone  
  47  3:48  Drone x2  
  52  3:51  Drone x2  
  52  3:52  Drone  
  52  3:54  Drone  
  56  3:56  Drone  
  56  4:00  Lair  
  56  4:03  Extractor  
  56  4:04  Zergling x4  
  56  4:05  Drone  
  58  4:10  Spore Crawler x2  
  58  4:12  Zergling x4  
  57  4:19  Drone  
  57  4:20  Drone x5  
  57  4:23  Drone  
  61  4:27  Drone  
  61  4:29  Drone x2  
  61  4:30  Extractor  
  58  4:32  Extractor  
  57  4:40  Drone  
  57  4:45  Drone  
  59  4:48  Drone  
  59  4:49  Drone  
  59  4:52  Drone x4  
  65  4:55  Overlord x4  
  65  4:58  Overlord  
  65  5:01  Extractor  
  65  5:02  Extractor  
  65  5:03  Drone x2  
  65  5:10  Overlord  
  65  5:12  Drone  
  66  5:15  Drone, Spire  
  66  5:16  Drone x2  
  66  5:18  Drone  
  66  5:19  Overseer  
  66  5:21  Drone x3  
  71  5:27  Drone  
  73  5:33  Drone x7  
  80  5:35  Drone  
  80  5:40  Drone  
  80  5:42  Drone  
  82  5:46  Hydralisk Den  
  82  5:47  Evolution Chamber  
  82  5:49  Spore Crawler  
  79  5:51  Drone x2  
  79  5:54  Zergling x8  
  84  6:00  Zergling x6  
  84  6:01  Zergling x2  
  86  6:07  Hatchery  
  86  6:08  Zergling x4  
  87  6:11  Overlord  
  87  6:12  Zerg Missile Weapons Level 1  
  87  6:20  Muscular Augments  
  87  6:26  Hydralisk x7  
  87  6:32  Hydralisk x2  
  101  6:35  Hydralisk x2  
  107  6:42  Hydralisk x2  
  105  6:50  Hydralisk x3  
  105  6:53  Infestation Pit  
  108  6:59  Drone x6  
  114  7:04  Overlord x2  
  114  7:05  Overlord x2  
  114  7:07  Overlord  
  114  7:09  Overlord  
  114  7:13  Drone, Extractor  
  114  7:14  Drone x2, Extractor  
  113  7:16  Drone  
  113  7:19  Overlord  
  114  7:23  Zergling x6  
  114  7:29  Drone x3  
  120  7:31  Lurker Den  
  120  7:32  Hydralisk x2  
  120  7:34  Pathogen Glands  
  120  7:35  Zergling x4  
  120  7:36  Zergling x4  
  128  7:39  Hydralisk  
  128  7:41  Hydralisk  
  132  7:45  Hydralisk x2  
  132  7:46  Zergling x2  
  137  7:55  Hydralisk x2  
  137  7:56  Zergling x6  
  138  7:59  Queen  
  138  8:06  Queen  
  138  8:08  Hydralisk x2  
  138  8:09  Zergling x4  
  144  8:18  Hydralisk  
  144  8:19  Hydralisk x2, Zergling x2  
  147  8:23  Hydralisk x2  
  147  8:24  Zergling x2  
  140  8:28  Hydralisk, Zergling x4  
  140  8:31  Hydralisk x2  
  134  8:45  Hydralisk x6  
  145  8:52  Zergling x2  
  145  8:53  Zergling x8  
  150  8:58  Lurker x3  
  150  8:59  Lurker  
  150  9:01  Hydralisk x3  
  158  9:04  Overlord, Overseer  
  158  9:05  Overseer  
  158  9:08  Hydralisk  
  160  9:12  Overlord  
  160  9:18  Overlord  
  160  9:19  Hydralisk x4  
Tags
 
Add a new tag
Caveats
  • Supply blocks, unpowered buildings, or Contaminate may cause inaccurate times.
  • Supply counts are checked every 10 seconds.